 Dungeon Crawl Stone Soup version 0.32-a0-868-g153ae1a8d6 (webtiles) character file.

Game seed: 9365743126936790318

324 MachoJfn the Grave Robber (level 6, 0/41 HPs)
             Began as a Mummy Necromancer on Mar 28, 2024.
             Was a Follower of Dithmenos.
             Slain by an orc wizard
             ... wielding a +0 dagger
              (3 damage)
             ... on level 4 of the Dungeon.
             The game lasted 00:12:02 (3573 turns).

MachoJfn the Grave Robber (Mummy Necromancer)       Turns: 3573, Time: 00:12:02

Health: 0/41       AC:  3    Str: 12    XL:     6   Next: 23%
Magic:  0/14       EV: 11    Int: 16    God:    Dithmenos [*.....]
Gold:   213        SH:  0    Dex: 12    Spells: 12/16 levels left

rFire   x . .        l - staff of conjuration
rCold   + . .        (no shield)
rNeg    + + +        a - +1 robe
rPois   ∞            (no helmet)
rElec   .            (no cloak)
rCorr   .            (no gloves)
SInv    .            (no boots)
Will    .....        (no amulet)
Stlth   ++           (no ring)
HPRegen 0.26/turn    (no ring)
MPRegen 0.14/turn

%: faith
@: very slightly contaminated, wreathed by umbra
A: cold resistance 1, negative energy resistance 3, torment resistance 2, heat
vulnerability 1, in touch with death 1, no potions, faith
a: Renounce Religion


You were on level 4 of the Dungeon.
You worshipped Dithmenos.
Dithmenos was aware of your devotion.
You visited 1 branch of the dungeon, and saw 4 of its levels.

You collected 213 gold pieces.

Inventory:

Hand Weapons
 j - a +3 short sword of venom
Missiles
 d - 3 javelins
 e - 33 stones
 k - 2 throwing nets
 n - 5 poisoned darts
 q - 5 boomerangs
Armour
 a - a +1 robe (worn)
 h - the +8 chain mail of Pan-Flutes {rF- rC- Int+2 Dex+7}
   (You found it on level 3 of the Dungeon)

   Int+2:     It affects your intelligence (+2).
   Dex+7:     It affects your dexterity (+7).
   rF-:       It makes you vulnerable to fire.
   rC-:       It makes you vulnerable to cold.
Magical Staves
 l - a staff of conjuration (weapon)
 p - a staff of fire
Wands
 o - a wand of roots (8)
Scrolls
 c - 4 scrolls of identify
 f - a scroll of enchant armour
 g - a scroll of fear
 i - a scroll of vulnerability
 m - a scroll of revelation


   Skills:
 * Level 1.1 Short Blades
 + Level 1.7 Dodging
 + Level 1.8 Stealth
 + Level 5.5 Spellcasting
 * Level 1.0 Conjurations
 + Level 5.6 Necromancy


You had 12 spell levels left.
You knew the following spells:

 Your Spells              Type           Power      Damage    Failure   Level
a - Necrotise             Necr           100%       1d9       1%          1
b - Vampiric Draining     Necr           33%        2d8       4%          3

Your spell library contained the following spells:

 Spells                   Type           Power      Damage    Failure   Level
 Shock                    Conj/Air       36%        1d5       12%         1
 Animate Dead             Necr           33%        N/A       14%         4
 Jinxbite                 Hex            8%         N/A       22%         2
 Curse of Agony           Necr           33%        N/A       36%         5
 Call Canine Familiar     Summ           4%         N/A       41%         3
 Sigil of Binding         Hex            4%         N/A       41%         3
 Swiftness                Air            4%         N/A       41%         3
 Brom's Barrelling Bould  Conj/Erth      9%         2d3       75%         4
 Airstrike                Air            2%         2d(1-17)  82%         4
 Dimensional Bullseye     Hex/Tloc       2%         N/A       82%         4
 Iskenderun's Battlesphe  Conj           11%        2d7       95%         5
 Fireball                 Conj/Fire      4%         3d4       97%         5
 Yara's Violent Unravell  Hex/Alch       2%         3d3       99%         5
 Conjure Ball Lightning   Conj/Air       4%         3x3d6     100%        6
 Enfeeble                 Hex            2%         N/A       100%        7
 Orb of Destruction       Conj           5%         9d5       100%        7


Dungeon Overview and Level Annotations

Branches:
Dungeon (4/15)
 Temple: D:4-7

Altars:
Dithmenos
Sif Muna
Uskayaw
Yredelemnul

Shops:
D:1 *!*(:


Innate Abilities, Weirdness & Mutations

You are immune to poison.
Your flesh is cold resistant. (rC+)
You are immune to negative energy. (rN+++)
You are immune to unholy pain and torment.
You are vulnerable to heat. (rF-)
You are in touch with the powers of death.
You do not drink.
You have a special connection with the divine. (Faith)


Message History

You feel life coursing into your body. The scorpion closely misses you.
Something hits you but does no damage.
Unknown command.
Casting: Vampiric Draining (dangerous; 4% risk of failure)
Confirm with . or Enter, or press ? or * to list all spells.
You don't have enough magic to cast this spell.
Unknown command.
The air fills with toxic fumes!
As you read the scroll of poison, it crumbles to dust.
The scorpion barely misses you. Something hits you.
The orc hits you with a +1 war axe of freezing.
The orc closely misses you.
Casting: Vampiric Draining (dangerous; 4% risk of failure)
Confirm with . or Enter, or press ? or * to list all spells.
Aiming: Necrotise (safe; 1% risk of failure)
Press: ? - help, Shift-Dir - straight line, f - orc, p - scorpion
Aim: an orc, wielding a +1 war axe of freezing (umbra, chance to affect: 93%)
You feel a surge of power!
The orc writhes in agony!
The scorpion stings you but does no damage.
Something hits you.
The orc hits you with a +1 war axe of freezing.
The orc hits you with a +0 hand axe.
* * * LOW HITPOINT WARNING * * *
The scorpion barely misses you.
Casting: Necrotise (safe; 1% risk of failure)
Confirm with . or Enter, or press ? or * to list all spells.
Aiming: Necrotise (safe; 1% risk of failure)
Press: ? - help, Shift-Dir - straight line, f/p - orc
Aim: an orc, wielding a +1 war axe of freezing (almost dead, umbra, chance to affect: 93%)
You feel a surge of power!
The orc writhes in agony.
You kill the orc!
Dithmenos accepts your kill.
The dead are walking!
Something hits you.
* * * LOW HITPOINT WARNING * * *
The orc hits you with a +0 hand axe!
* * * LOW HITPOINT WARNING * * *
The orc hits your orc skeleton with a +0 hand axe.
The scorpion misses you.
You swap places.
Something hits you.
You die...

##...........#..
####........... ##
###§§......)...
##§##§§§§...........
#§§§§§§§.....[.....#
.§§§§§.............
§§§§#.§####.#..#..
#§§§#§###########.
##@s§§§§##.#.# +
##oZ{§§§§§§...#
#§§§§§§§§#§#..######
##§§§§§#§###...##...
##§#§§§§.##.......#
##§§##§§§#.....#
#§§§#.##§§....#####
#§§§.....§.##.....#
#§§#§#.....###.....


You could see a scorpion, an orc (ally target) and a friendly orc skeleton.

Vanquished Creatures
  An ogre (D:4)
  A scorpion (D:4)
  A hound (D:4)
  An orc priest (D:4)
  3 gnolls (D:3)
  An adder (D:2)
  3 ribbon worms
  5 dart slugs
  7 orcs
  A bat (D:3)
  5 endoplasms
  3 giant cockroaches
  4 goblins (D:1)
  7 hobgoblins
  7 kobolds
  8 ball pythons
  2 frilled lizards
  4 rats
64 creatures vanquished.

Vanquished Creatures (collateral kills)
  3 endoplasms
  A bat (D:1)
  A rat (D:3)
5 creatures vanquished.

Grand Total: 69 creatures vanquished

Notes
Turn   | Place    | Note
-------+----------+-------------------------------------------
     0 | D:1      | MachoJfn the Mummy Necromancer began the quest for the Orb.
     0 | D:1      | Reached XP level 1. HP: 13/13 MP: 4/4
    19 | D:1      | Noticed a polar bear
    19 | D:1      | Noticed a boulder beetle
    20 | D:1      | Noticed a mana viper
    20 | D:1      | Noticed a komodo dragon
    55 | D:1      | Found Soib's General Store.
   164 | D:1      | Reached XP level 2. HP: 17/19 MP: 0/5
   296 | D:1      | Found Alippuv's Distillery.
   353 | D:1      | Found Zuneleos's Book Shop.
   691 | D:1      | Found Logifun's Antique Weapon Boutique.
   736 | D:1      | Reached XP level 3. HP: 24/24 MP: 5/7
   780 | D:1      | Found Anudi's Assorted Antiques.
   909 | D:1      | Learned a level 3 spell: Vampiric Draining
  1192 | D:2      | Found a shadowy altar of Dithmenos.
  1222 | D:2      | Became a worshipper of Dithmenos the Shadowed
  2222 | D:3      | Found a hide-covered altar of Uskayaw.
  2235 | D:3      | Identified the +8 chain mail of Pan-Flutes {rF- rC- Int+2
                  | Dex+7}
  2301 | D:3      | Reached skill level 5 in Necromancy
  2301 | D:3      | Reached XP level 4. HP: 30/30 MP: 2/9
  2456 | D:3      | Reached * piety under Dithmenos
  2913 | D:4      | Noticed a scorpion
  2918 | D:4      | Killed a scorpion
  2919 | D:4      | Reached XP level 5. HP: 35/35 MP: 3/11
  2985 | D:4      | Reached skill level 5 in Spellcasting
  3002 | D:4      | Noticed an ogre
  3049 | D:4      | Killed an ogre
  3050 | D:4      | Reached skill level 1 in Short Blades
  3050 | D:4      | Reached XP level 6. HP: 41/41 MP: 0/14
  3350 | D:4      | Found a shimmering blue altar of Sif Muna.
  3351 | D:4      | Found a basalt altar of Yredelemnul.
  3366 | D:4      | Reached skill level 1 in Conjurations
  3573 | D:4      | Slain by an orc wizard

Illustrated notes

Levels and vault maps discovered:
D:1:      onia_arrival_zoo_common, layout_basic, serial_shops,
          nicolae_shop_industrial_runoff, shop, nicolae_shop_getting_attention,
          nicolae_shop_waterfront, nicolae_square_shop, serial_glass,
          glass_columns_a, glass_columns_a
D:2:      layout_basic, basic_altar, kennysheep_path_1
D:3:      layout_rooms, mainiacjoe_overflow_cross_hatched, kennysheep_donut
D:4:      layout_cave_pools, kennysheep_mini, mainiacjoe_overflow_alcove_4,
          chequers_temple_overflow_statue_of_worship

Skill      XL: |  1  2  3  4  5  6 |
---------------+-------------------+-----
Spellcasting   | 3 4 5 |  5.5
Necromancy     | 5 |  5.6
Short Blades   | 1 |  1.1
Conjurations   | 1 |  1.0
Dodging        | |  1.7
Stealth        | |  1.8

Action                     |  1- 3 |  4- 6 || total
---------------------------+-------+-------++-------
  Melee: Unarmed           |     3 |       ||     3
         Short sword       |       |     6 ||     6
   Cast: Necrotise         |    63 |    55 ||   118
         Vampiric Draining |     2 |     6 ||     8
    Use: Scroll            |     7 |     4 ||    11
 Armour: Robe              |     5 |    31 ||    36
  Dodge: Dodged            |     6 |    28 ||    34

Table legend: (Time is in decaauts)
 A = Elapsed time spent in this place.
 B = Non-inter-level travel time spent in this place.
 C = Inter-level travel time spent in this place.
 D = Time resting spent in this place.
 E = Time spent auto-exploring this place.
 F = Levels seen in this place.
 G = Mean time per level.
                   A        B        C        D        E       F      G
               +--------+--------+--------+--------+--------+-----+--------+
         Total |   3575 |   3257 |    318 |    626 |   2181 |   4 |  893.8 |
       Dungeon |   3575 |   3257 |    318 |    626 |   2181 |   4 |  893.8 |
               +--------+--------+--------+--------+--------+-----+--------+

Top non-repeatable levels by time:
     D:1: 1193 daAuts
     D:2: 952 daAuts
     D:3: 829 daAuts
     D:4: 599 daAuts
